Map: [EWC] Post-Youth

Players

Solar

  • Race: Zerg Zerg
  • Spawn Location: 7:00

herO - Winner!

  • Race: Protoss Protoss
  • Spawn Location: 1:00

Event: Esports World Cup 2024

VOD

Have the link to the VOD?

Description

Time

  • Played on: Aug. 14, 2024, 11:24 a.m.
  • Length: 15:59

All games in this series

Show
View Real Time Build Order
Export as new Build Order

Solar Zerg 

Build Orders: Pool First 

Get SALT Encoding   

  12  0:00  Drone  
  13  0:07  Drone  
  14  0:25  Spawning Pool  
  13  0:28  Drone  
  13  0:32  Extractor  
  13  0:34  Drone  
  15  0:41  Overlord  
  15  0:59  Drone  
  16  1:12  Zergling x6  
  19  1:19  Hatchery  
  19  1:23  Zergling x2  
  19  1:34  Queen  
  19  1:35  Zergling x2  
  22  1:45  Overlord  
  22  1:54  Extractor  
  21  1:56  Drone  
  22  2:06  Drone  
  22  2:09  Queen  
  23  2:17  Drone  
  24  2:28  Drone  
  24  2:32  Drone  
  25  2:39  Drone  
  25  2:43  Drone x4  
  28  2:52  Hatchery  
  28  2:57  Drone  
  28  2:59  Drone  
  28  3:03  Drone  
  30  3:10  Queen  
  32  3:19  Metabolic Boost  
  32  3:21  Overlord  
  32  3:22  Drone  
  32  3:24  Drone  
  34  3:27  Zergling x2  
  34  3:28  Zergling x2  
  34  3:31  Overlord  
  36  3:35  Overlord  
  36  3:50  Drone x2  
  36  3:51  Drone x4  
  36  3:52  Drone x2  
  36  3:54  Queen  
  46  4:02  Overlord  
  46  4:07  Drone, Roach Warren  
  46  4:08  Drone  
  47  4:11  Extractor  
  47  4:14  Drone x2  
  47  4:18  Drone x3  
  47  4:20  Overlord  
  47  4:23  Zergling x2  
  47  4:24  Zergling x4  
  52  4:27  Zergling x4  
  52  4:29  Drone  
  56  4:34  Overlord  
  56  4:36  Zergling x4  
  58  4:40  Spore Crawler  
  58  4:44  Spore Crawler  
  55  4:47  Spore Crawler  
  55  4:49  Drone  
  53  4:54  Zergling x4  
  53  4:56  Drone  
  53  4:57  Drone  
  53  4:59  Drone  
  57  5:00  Drone  
  57  5:01  Drone  
  57  5:03  Drone  
  60  5:07  Drone x2  
  60  5:10  Drone x2  
  62  5:15  Lair  
  62  5:16  Drone  
  62  5:18  Drone  
  62  5:20  Drone x2  
  66  5:22  Drone  
  66  5:24  Drone  
  66  5:26  Drone x2  
  70  5:29  Overlord  
  70  5:30  Drone  
  70  5:33  Extractor x2  
  68  5:36  Extractor  
  68  5:37  Extractor  
  68  5:40  Drone  
  68  5:42  Drone x2  
  69  5:43  Drone x4  
  69  5:46  Drone x2  
  75  5:51  Overlord  
  76  5:57  Drone  
  76  5:58  Drone  
  76  6:01  Hatchery  
  76  6:02  Drone x2  
  77  6:07  Drone  
  77  6:09  Drone  
  77  6:10  Evolution Chamber, Roach x2  
  77  6:11  Roach x2  
  85  6:12  Overseer  
  85  6:15  Drone  
  85  6:16  Drone  
  87  6:27  Drone  
  87  6:28  Overlord  
  87  6:30  Queen x2  
  87  6:32  Spire  
  91  6:34  Zergling x4  
  91  6:36  Zergling x2  
  91  6:38  Zergling x4  
  95  6:41  Zergling x2  
  95  6:43  Zergling x4  
  98  6:47  Zergling x4  
  98  6:51  Overlord  
  100  6:56  Zergling x8  
  100  6:58  Drone  
  100  7:00  Overlord  
  105  7:05  Overlord  
  105  7:08  Overlord  
  104  7:10  Overlord  
  104  7:18  Glial Reconstitution  
  104  7:21  Queen  
  106  7:27  Extractor  
  105  7:35  Spore Crawler  
  103  7:39  Hatchery  
  103  7:43  Corruptor x5  
  112  7:45  Corruptor  
  112  7:48  Corruptor  
  112  7:53  Corruptor  
  112  7:55  Corruptor  
  114  8:00  Corruptor  
  114  8:05  Corruptor  
  112  8:10  Corruptor  
  114  8:15  Corruptor  
  116  8:23  Hatchery  
  116  8:26  Overlord  
  113  8:29  Zerg Flyer Weapons Level 1  
  113  8:33  Corruptor  
  114  8:37  Roach x2  
  114  8:40  Zerg Missile Weapons Level 1  
  118  8:41  Drone  
  118  8:45  Roach  
  123  8:48  Roach  
  123  8:55  Queen  
  123  8:58  Drone x3  
  123  8:59  Roach  
  130  9:03  Ravager x4  
  130  9:06  Overlord  
  130  9:08  Corruptor  
  136  9:11  Overseer, Ravager x2  
  136  9:15  Roach x2  
  142  9:18  Roach x2  
  142  9:22  Overlord  
  145  9:26  Roach x3  
  145  9:30  Roach  
  152  9:36  Overlord  
  152  9:37  Roach  
  152  9:38  Overseer, Roach x2  
  158  9:44  Roach x4  
  166  9:46  Ravager  
  166  9:47  Overlord  
  166  9:51  Overlord  
  166  9:52  Overlord  
  167  9:55  Roach  
  167  9:56  Roach x2  
  167  9:57  Ravager x3  
  175  10:06  Roach x4  
  183  10:08  Overlord  
  183  10:13  Ravager x4  
  187  10:15  Roach x5  
  187  10:21  Zergling x10  
  197  10:26  Roach  
  192  10:32  Roach x3  
  192  10:34  Ravager x2  
  192  10:35  Roach  
  196  10:37  Zerg Missile Weapons Level 2, Zergling x2  
  196  10:38  Zergling x10  
  196  10:42  Hydralisk Den  
  191  10:46  Roach x4  
  179  10:51  Zergling x2  
  179  10:53  Zergling x2  
  179  10:54  Zergling x4  
  176  10:57  Ravager x3  
  176  11:01  Overlord  
  176  11:03  Ravager  
  175  11:04  Roach x3  
  175  11:06  Queen  
  175  11:10  Roach x2  
  175  11:11  Roach x3  
  183  11:13  Zergling x8  
  183  11:17  Ravager  
  184  11:21  Roach x4  
  182  11:27  Roach  
  182  11:31  Roach x2  
  182  11:33  Roach x2  
  186  11:42  Roach x5  
  186  11:45  Roach  
  186  11:46  Roach  
  181  11:50  Roach x2  
  181  11:52  Roach  
  173  11:54  Hatchery  
  173  11:56  Roach x3  
  173  11:57  Roach  
  173  12:00  Zergling x2  
  177  12:04  Ravager x5  
  177  12:05  Zergling x8  
  177  12:06  Ravager  
  187  12:10  Zergling x2, Ravager  
  187  12:12  Zergling x8, Ravager  
  187  12:14  Zergling x2  
  187  12:15  Overseer  
  191  12:17  Zergling x2  
  191  12:19  Zergling x6  
  191  12:20  Ravager  
  191  12:22  Roach  
  187  12:24  Ravager  
  187  12:25  Zergling x4  
  187  12:26  Zergling x2  
  178  12:31  Roach x2  
  178  12:34  Roach x3  
  172  12:38  Ravager  
  172  12:41  Zergling x12  
  172  12:43  Grooved Spines  
  179  12:46  Zergling x6  
  174  12:51  Roach x3  
  174  12:55  Hydralisk x2  
  184  13:02  Hydralisk x2  
  183  13:08  Hydralisk x2  
  183  13:11  Zergling x4  
  182  13:14  Hydralisk  
  182  13:19  Roach x2  
  181  13:23  Roach x2  
  181  13:26  Roach x2  
  181  13:27  Roach  
  179  13:30  Roach x2  
  179  13:32  Roach  
  179  13:33  Muscular Augments  
  185  13:36  Roach x2  
  185  13:40  Roach x3  
  190  13:45  Roach  
  190  13:46  Roach  
  190  13:47  Roach x2  
  190  13:48  Roach  
  194  13:51  Roach x2  
  194  13:54  Overlord  
  190  14:01  Hydralisk x2  
  192  14:06  Zergling x6  
  192  14:08  Roach  
  197  14:15  Roach x4  
  197  14:18  Overseer x3  
  197  14:20  Pneumatized Carapace  
  197  14:22  Zergling x4  
  168  14:28  Hydralisk x2  
  168  14:29  Hydralisk  
  131  14:33  Hydralisk x2  
  131  14:35  Roach  
  120  14:39  Ravager x7  
  120  14:43  Roach  
  129  14:46  Roach x2  
  129  14:50  Roach x2  
  129  14:52  Roach x2  
  135  14:54  Roach  
  135  14:58  Hydralisk  
  121  15:00  Overseer  
  121  15:03  Zergling x2  
  121  15:04  Zergling x2  
  121  15:06  Zergling x2  
  117  15:07  Overseer  
  117  15:08  Zergling x2  
  117  15:11  Zergling x4  
  117  15:13  Zergling x2  
  121  15:17  Hydralisk  
  122  15:22  Hydralisk  
  122  15:28  Roach x2  
  124  15:32  Roach  
  124  15:34  Roach x2  
Show
View Real Time Build Order
Export as new Build Order

herO Protoss - Winner!

Build Orders: 1 Gate Expand, Oracle Opening, Phoenix Opening 

Get SALT Encoding   

  12  0:00  Probe  
  13  0:12  Probe  
  14  0:17  Pylon  
  14  0:24  Probe (Chrono Boost)  
  15  0:29  Assimilator  
  15  0:36  Probe (Chrono Boost)  
  16  0:44  Probe (Chrono Boost)  
  16  0:46  Gateway  
  17  0:50  Probe  
  18  1:03  Probe  
  19  1:15  Probe  
  20  1:23  Nexus  
  20  1:33  Cybernetics Core  
  20  1:35  Probe  
  21  1:40  Assimilator  
  21  1:47  Probe  
  21  1:51  Pylon  
  22  1:59  Probe  
  23  2:06  Stalker (Chrono Boost)  
  22  2:20  Probe  
  22  2:30  Sentry  
  22  2:35  Probe (Chrono Boost)  
  25  2:39  Probe (Chrono Boost)  
  26  2:47  Probe (Chrono Boost)  
  28  2:51  Probe (Chrono Boost)  
  28  2:56  Probe (Chrono Boost)  
  28  2:57  Probe (Chrono Boost)  
  30  3:00  Phoenix  
  30  3:01  Probe  
  30  3:03  Stargate  
  31  3:06  Probe (Chrono Boost)  
  31  3:11  Adept  
  34  3:14  Probe (Chrono Boost)  
  36  3:21  Warp Gate  
  36  3:24  Probe (Chrono Boost)  
  36  3:27  Probe (Chrono Boost)  
  36  3:30  Probe (Chrono Boost)  
  38  3:34  Probe, Pylon  
  38  3:40  Assimilator  
  39  3:41  Assimilator  
  39  3:42  Probe  
  39  3:44  Oracle (Chrono Boost)  
  39  3:46  Probe  
  46  3:57  Probe  
  46  3:58  Probe, Pylon  
  46  4:08  Gateway  
  46  4:09  Probe  
  47  4:10  Probe  
  48  4:21  Probe  
  48  4:22  Probe  
  48  4:23  Fleet Beacon  
  50  4:27  Stargate  
  50  4:31  Zealot  
  52  4:35  Pylon  
  52  4:36  Probe  
  52  4:37  Probe  
  54  5:02  Shield Battery  
  54  5:11  Adept, Tempest (Chrono Boost)  
  54  5:12  Tempest (Chrono Boost), Adept  
  68  5:21  Pylon  
  68  5:30  Nexus  
  68  5:37  Probe x2  
  68  5:41  Shield Battery  
  68  5:42  Pylon  
  70  5:50  Tempest (Chrono Boost)  
  76  5:57  Probe  
  76  5:59  Tempest (Chrono Boost)  
  76  6:03  Adept x2  
  85  6:06  Pylon  
  85  6:12  Probe  
  85  6:14  Pylon  
  86  6:24  Probe x2  
  86  6:25  Forge  
  88  6:26  Tempest (Chrono Boost)  
  93  6:35  Twilight Council  
  93  6:37  Probe  
  93  6:38  Probe  
  95  6:49  Probe  
  95  6:52  Void Ray (Chrono Boost)  
  100  6:55  Probe x2  
  100  6:58  Protoss Ground Weapons Level 1 (Chrono Boost)  
  100  6:59  Shield Battery, Unknown  
  100  7:01  Void Ray (Chrono Boost)  
  106  7:04  Probe  
  106  7:07  Probe x2  
  108  7:11  Blink (Chrono Boost)  
  108  7:13  Zealot x2  
  112  7:28  Pylon, Photon Cannon  
  112  7:32  Probe x3  
  112  7:34  Stalker  
  112  7:36  Gateway  
  117  7:38  Pylon x2  
  117  7:55  Gateway x2  
  117  7:56  Gateway  
  117  7:57  Forge  
  117  7:59  Assimilator  
  117  8:01  Assimilator  
  117  8:04  Stalker  
  117  8:05  Stalker  
  121  8:08  Probe x2  
  121  8:09  Probe  
  124  8:19  Pylon  
  124  8:20  Gateway  
  124  8:21  Gateway, Probe  
  125  8:29  Pylon, Photon Cannon  
  125  8:30  Photon Cannon  
  125  8:32  Sentry x3  
  131  8:34  Protoss Ground Armor Level 1 (Chrono Boost)  
  131  8:35  Probe  
  131  8:45  Probe x2  
  133  8:50  Nexus  
  133  8:52  Phoenix x2  
  133  8:53  Pylon  
  133  8:54  Stalker x2  
  137  8:57  Stalker  
  137  8:58  Protoss Ground Weapons Level 2 (Chrono Boost)  
  139  9:10  Templar Archives, Probe x2  
  139  9:11  Probe  
  139  9:12  Shield Battery  
  139  9:16  Shield Battery  
  142  9:22  Charge, Probe  
  142  9:23  Probe x2  
  145  9:27  Assimilator  
  145  9:28  Psionic Storm  
  145  9:29  Pylon  
  145  9:38  Stalker x4, Phoenix  
  150  9:42  Shield Battery  
  150  9:48  High Templar x2  
  154  9:53  High Templar  
  154  9:54  High Templar  
  154  9:57  Probe x3  
  161  10:00  Gateway  
  161  10:06  Stalker  
  161  10:07  Stalker x2  
  167  10:12  Gateway  
  167  10:14  Pylon  
  167  10:27  Stalker x4  
  174  10:34  Stalker x4  
  145  10:52  Stalker x4  
  151  11:02  Stalker x4  
  157  11:12  Archon  
  157  11:13  Archon  
  157  11:17  Stalker x4  
  165  11:22  Stalker x2  
  165  11:23  Protoss Ground Weapons Level 3 (Chrono Boost)  
  155  11:34  Stalker x4  
  163  11:42  Pylon  
  163  11:46  Stalker  
  163  11:47  Stalker x4  
  142  11:53  Protoss Ground Armor Level 2 (Chrono Boost)  
  142  11:54  Stalker  
  144  12:01  Gateway  
  144  12:04  Gateway, Nexus  
  144  12:05  Dark Shrine  
  144  12:06  Shield Battery  
  144  12:11  Stalker x4  
  152  12:21  Zealot x5  
  125  12:38  Zealot x5  
  125  12:39  Tempest x2 (Chrono Boost)  
  145  12:45  High Templar x2  
  149  12:52  Zealot x3  
  155  13:00  High Templar x2  
  155  13:04  Zealot x5  
  157  13:15  Tempest x2  
  159  13:26  Stalker x5  
  150  13:42  Dark Templar x2  
  152  13:50  Dark Templar  
  152  13:51  Zealot x7  
  166  14:02  Dark Templar x2  
  154  14:03  Probe  
  154  14:04  Probe x2  
  154  14:05  Probe x2  
  153  14:13  Stalker x3  
  153  14:14  Stalker  
  161  14:21  Stalker x2  
  143  14:31  Archon  
  143  14:36  Stalker x6  
  143  14:38  Archon x2  
  149  14:43  Stalker x3  
  150  14:57  Oracle (Chrono Boost)  
  136  15:06  High Templar  
  136  15:07  Zealot x8, High Templar  
  134  15:12  Zealot x2  
  152  15:27  Dark Templar x3  
  152  15:28  Dark Templar  
  160  15:33  Zealot x2, Stalker x2  
  166  15:42  Stalker x2  
  170  15:48  Stalker x2  
  174  15:53  Shield Battery  
  172  15:57  Photon Cannon  
Tags
 
Add a new tag
Caveats
  • Supply blocks, unpowered buildings, or Contaminate may cause inaccurate times.
  • Supply counts are checked every 10 seconds.